 Dungeon Crawl Stone Soup version 0.31.0-2-g5a2aebc5c2 (webtiles) character file.

Game seed: 9457778160408530712

21641 groovy9 the Severer (level 12, -12/116 HPs)
             Began as a Hill Orc Fighter on Jan 21, 2024.
             Was a High Priest of Ashenzari.
             Mangled by a komodo dragon (14 damage)
             ... on level 3 of the Lair of Beasts.
             The game lasted 00:40:54 (12185 turns).

groovy9 the Severer (Hill Orc Fighter)             Turns: 12185, Time: 00:40:55

Health: -12/116    AC: 14    Str: 24    XL:     12   Next: 92%
Magic:  12/12      EV: 15    Int:  8    God:    Ashenzari [*****.]
Gold:   268        SH:  0    Dex: 10    Spells: 11/11 levels left

rFire   . . .        G - +6 battleaxe (vamp)
rCold   + . .        (shield currently unavailable)
rNeg    . . .        i - +2 ring mail of the Shackled Ether {rPois, Dev, Fort} (curse)
rPois   +            r - +0 hat of Apeoromancy {Melee, Comp} (curse)
rElec   .            k - +0 cloak of Star-Bound Wisdom {Dev, Elem} (curse)
rCorr   .            F - +0 pair of gloves "Cryptic Visionary" {Self, Bglg} (curse)
SInv    +            h - +0 pair of boots "Tethered Optimism" {Elem, Sorc} (curse)
Will    .....        B - amulet of the Circumscribed Seer {Regen+, Sorc, Bglg} (curse) Stlth
                     A - ring of the Eternal Vexation {rC+, Comp, Elem} (curse)
HPRegen 1.19/turn    I - ring "Enigmatic Elitism" {EV+5, Elem, Dev} (curse)
MPRegen 0.13/turn

%: clarity
@: no status effects
A: no striking features
a: Renounce Religion, Curse Item, Shatter the Chains


You were on level 3 of the Lair of Beasts.
You worshipped Ashenzari.
Ashenzari was extremely pleased with you.
You visited 3 branches of the dungeon, and saw 14 of its levels.
You also visited: Sewer and Volcano.

You collected 534 gold pieces.
You spent 266 gold pieces at shops.

Inventory:

Hand Weapons
 G - a +6 vampiric battleaxe (weapon)
Missiles
 O - 4 boomerangs (quivered)
Armour
 h - the cursed +0 pair of boots "Tethered Optimism" (worn) {Elem, Sorc}
   (You found it on level 1 of the Dungeon)

   It has a curse which improves the following skills: Elements: Fire Magic, Ice
   Magic, Air Magic and Earth Magic.
   Sorcery:   Conjurations and Alchemy.
 i - the cursed +2 ring mail of the Shackled Ether (worn) {rPois, Dev, Fort}
   (You found it on level 1 of the Dungeon)

   It has a curse which improves the following skills: Devices: Evocations and
   Shapeshifting.
   Fortitude: Armour and Shields.
 k - the cursed +0 cloak of Star-Bound Wisdom (worn) {Dev, Elem}
   (You took it off Crazy Yiuf on level 2 of the Dungeon)

   It has a curse which improves the following skills: Devices: Evocations and
   Shapeshifting.
   Elements:  Fire Magic, Ice Magic, Air Magic and Earth Magic.
 r - the cursed +0 hat of Apeoromancy (worn) {Melee, Comp}
   (You found it on level 3 of the Dungeon)

   It has a curse which improves the following skills: Melee Combat: Short
   Blades, Long Blades, Axes, Maces & Flails, Polearms, Staves and Unarmed
   Combat.
   Companions: Summonings and Necromancy.
 F - the cursed +0 pair of gloves "Cryptic Visionary" (worn) {Self, Bglg}
   (You found it on level 8 of the Dungeon)

   It has a curse which improves the following skills: Introspection: Fighting
   and Spellcasting.
   Beguiling: Hexes and Translocations.
 H - +0 acid dragon scales
 K - a +0 pair of gloves
 M - a +0 helmet
 N - a +0 helmet
Jewellery
 A - the cursed ring of the Eternal Vexation (left hand) {rC+, Comp, Elem}
   (You found it on level 6 of the Dungeon)

   [ring of protection from cold]

   rC+:       It protects you from cold.
   It has a curse which improves the following skills: Companions: Summonings
   and Necromancy.
   Elements:  Fire Magic, Ice Magic, Air Magic and Earth Magic.
 B - the cursed amulet of the Circumscribed Seer (around neck) {Regen+, Sorc, Bglg}
   (You found it on level 7 of the Dungeon)

   [amulet of regeneration]

   Regen+:    It increases your rate of health regeneration.
   It has a curse which improves the following skills: Sorcery: Conjurations and
   Alchemy.
   Beguiling: Hexes and Translocations.
 D - an amulet of reflection
 I - the cursed ring "Enigmatic Elitism" (right hand) {EV+5, Elem, Dev}
   (You found it on level 10 of the Dungeon)

   [ring of evasion]

   EV+5:      It affects your evasion (+5).
   It has a curse which improves the following skills: Elements: Fire Magic, Ice
   Magic, Air Magic and Earth Magic.
   Devices:   Evocations and Shapeshifting.
 L - a ring of positive energy
Wands
 q - a wand of roots (13)
 s - a wand of paralysis (3)
 x - a wand of flame (50)
 z - a wand of polymorph (7)
Scrolls
 a - a scroll of fog
 c - 3 scrolls of revelation
 e - 2 scrolls of immolation
 l - a scroll of fear
 m - 2 scrolls of blinking
 t - 3 scrolls of enchant armour
 u - 3 scrolls of teleportation
 v - a scroll of amnesia
 w - a scroll of vulnerability
 y - 2 scrolls of noise
 C - 2 scrolls of silence
Potions
 b - 3 potions of mutation
 d - 2 potions of brilliance
 f - 9 potions of curing
 g - 4 potions of resistance
 j - a potion of attraction
 n - a potion of haste
 o - 2 potions of magic
 p - a potion of cancellation
 E - a potion of enlightenment
 J - a potion of lignification


   Skills:
 + Level 11.8(13.9) Fighting
 * Level 17.0(19.0) Axes
 + Level 2.2 Throwing
 + Level 10.8(12.9) Armour
 - Level 7.2(9.4) Shields
 + Level 7.7(11.9) Evocations


You had 11 spell levels left.
You didn't know any spells.
Your spell library contained the following spells:

 Spells                   Type           Power      Damage    Failure   Level
 Foxfire                  Conj/Fire      4%         2x1d4     43%         1
 Mercury Vapours          Alch/Air       2%         N/A       56%         2
 Sublimation of Blood     Necr           0%         N/A       58%         2
 Mephitic Cloud           Conj/Alch/Air  0%         N/A       80%         3
 Petrify                  Alch/Erth      1%         N/A       99%         4
 Freezing Cloud           Conj/Ice/Air   0%         6-21      100%        5
 Irradiate                Conj/Alch      0%         3d11      100%        5
 Summon Forest            Summ/Tloc      0%         N/A       100%        5
 Eringya's Noxious Bog    Alch           0%         4d6       100%        6
 Plasma Beam              Fire/Air       0%         2x1d10    100%        6
 Starburst                Conj/Fire      0%         6d3       100%        6
 Summon Hydra             Summ           0%         N/A       100%        7


Dungeon Overview and Level Annotations

Branches:
Dungeon (10/15)            Temple (1/1) D:6            Lair (3/5) D:10
 Shoals (0/4) Lair:2        Snake (0/4) Lair:2        Sewer (visited)
Volcano (visited)
    Orc: D:9-12

Altars:
Ashenzari
Cheibriados
Dithmenos
Elyvilon
Fedhas
Gozag
Hepliaklqana
Kikubaaqudgha
Makhleb
Nemelex Xobeh
Okawaru
Qazlal
Ru
Sif Muna
Trog
Uskayaw
Vehumet
Wu Jian
Xom
Yredelemnul
Zin
The Shining One

Shops:
D:4 (

Annotations:
D:6 3 runed translucent doors, BigPumpCobain's ghost, novice DrSh


Message History

You chop one of the 15-headed hydra's heads off!
The 14-headed hydra grows two more!
You slice the 16-headed hydra like a ripe choko!!!
You feel better.
The 16-headed hydra is almost dead.
The 16-headed hydra bites you!
* * * LOW HITPOINT WARNING * * *
The 16-headed hydra misses you. The 16-headed hydra closely misses you.
The 16-headed hydra bites you.
* * * LOW HITPOINT WARNING * * *
The 16-headed hydra barely misses you.
The 16-headed hydra bites you but does no damage. x2
The 16-headed hydra bites you.
* * * LOW HITPOINT WARNING * * *
The 16-headed hydra bites you.
* * * LOW HITPOINT WARNING * * *
The 16-headed hydra closely misses you.
The 16-headed hydra bites you but does no damage.
The 16-headed hydra barely misses you.
The 16-headed hydra bites you but does no damage.
The 16-headed hydra closely misses you. The 16-headed hydra barely misses you.
The 16-headed hydra bites you.
* * * LOW HITPOINT WARNING * * *
You completely miss the 16-headed hydra.
The 16-headed hydra is almost dead.
You slash the komodo dragon!
You feel better.
The blink frog blinks!
You lop one of the 16-headed hydra's heads off!
The 15-headed hydra grows two more!
You slice the 17-headed hydra!!
You feel better.
You kill the 17-headed hydra!
You hit the komodo dragon but do no damage.
The komodo dragon bites you!!
* * * LOW HITPOINT WARNING * * *
The blink frog blinks!
You slash the komodo dragon!
The komodo dragon is heavily wounded.
You closely miss the blink frog.
The blink frog hits you but does no damage.
The blink frog blinks!
The komodo dragon bites you!
You die...

*,,,,,,,,*
#........*
#........,
#........*
#F.......*
##........*
*.§F......* ****
**#.F......,
,*,***,#@l...F..*
,.......F.......,
,.......F.......,
,...............,
,...............,
>...............,
,...............,
,..........§....,
,,,,,,,,,,,,,,,,,


You could see a komodo dragon, a cane toad and 5 blink frogs.

Vanquished Creatures
  A hydra (Lair:3)
  A catoblepas (Lair:1)
  A deep elf pyromancer (D:10)
  A wolf spider (Lair:1)
  A cyclops (D:10)
  6 elephants (Lair:2)
  A rust devil (D:9)
  3 black mambas
  A water nymph (Lair:2)
  2 cane toads (Lair:1)
  A smoke demon (D:9)
  2 kobold demonologists (D:10)
  A komodo dragon (Lair:2)
  A polar bear (Lair:2)
  2 trolls
  7 blink frogs (Lair:2)
  A red devil (D:9)
  Prince Ribbit (D:6)
  2 wyverns
  2 vampires
  13 yaks
  Eustachio (D:6)
  2 basilisks
  2 steam dragons
  2 acid dragons (D:10)
  19 water moccasins
  An orc warrior (D:7)
  2 sky beasts (D:7)
  3 black bears
  5 centaurs
  35 wolves
  A phantom (D:6)
  3 kobold brigands
  A gnoll sergeant (D:6)
  11 bullfrogs
  3 wights (D:9)
  A burial acolyte (D:9)
  2 howler monkeys (D:8)
  A bombardier beetle (D:6)
  6 hounds
  4 orc priests
  Crazy Yiuf (D:2)
  3 jellies
  3 iguanas
  Jessica (D:3)
  10 orc wizards
  Ijyb (D:3)
  3 sleepcaps
  3 gnolls
  6 adders
  A shadow imp (D:7)
  A white imp (D:7)
  4 ufetubi
  2 adder zombies (D:9)
  2 ribbon worms
  27 orcs
  14 ball pythons
  3 bats
  5 endoplasms
  5 giant cockroaches
  11 goblins
  11 hobgoblins
  6 quokkas
  8 frilled lizards
  A jackal zombie (D:9)
  26 kobolds
  12 rats
326 creatures vanquished.

Notes
Turn   | Place    | Note
-------+----------+-------------------------------------------
     0 | D:1      | groovy9 the Hill Orc Fighter began the quest for the Orb.
     0 | D:1      | Reached XP level 1. HP: 19/19 MP: 1/1
    75 | D:1      | Reached skill level 3 in Axes
   136 | D:1      | Reached XP level 2. HP: 27/27 MP: 2/2
   543 | D:2      | Reached XP level 3. HP: 33/33 MP: 3/3
   784 | D:2      | Reached skill level 4 in Axes
   967 | D:2      | Found a runed translucent door.
   968 | D:2      | Noticed Crazy Yiuf
  1121 | D:2      | Reached XP level 4. HP: 40/40 MP: 4/4
  1247 | D:2      | Paralysed by Crazy Yiuf for 1 turns
  1250 | D:2      | Killed Crazy Yiuf
  1591 | D:3      | Noticed Ijyb
  1604 | D:3      | Killed Ijyb
  1605 | D:3      | Reached XP level 5. HP: 24/47 MP: 5/5
  1650 | D:3      | Found a basalt altar of Yredelemnul.
  1684 | D:3      | Found a glowing drain.
  1697 | Sewer    | Entered a sewer
  1721 | Sewer    | Noticed a kobold brigand
  1732 | Sewer    | Killed a kobold brigand
  1733 | Sewer    | Reached skill level 5 in Axes
  1936 | Sewer    | Reached XP level 6. HP: 49/53 MP: 6/6
  2015 | D:3      | Noticed Jessica
  2021 | D:3      | Killed Jessica
  2127 | D:3      | Found a shadowy altar of Dithmenos.
  2127 | D:3      | Found a bloodstained altar of Trog.
  2921 | D:4      | Reached skill level 6 in Axes
  2938 | D:4      | Reached skill level 5 in Fighting
  2980 | D:4      | Found Wikkiegiph's Antique Weapon Shop.
  3011 | D:4      | Reached XP level 7. HP: 50/61 MP: 7/7
  3778 | D:5      | Entered Level 5 of the Dungeon
  3794 | D:5      | Reached skill level 7 in Axes
  3794 | D:5      | Reached skill level 5 in Armour
  3794 | D:5      | Reached skill level 5 in Shields
  3893 | D:5      | Found a glowing golden altar of the Shining One.
  5285 | D:6      | Found a runed translucent gate.
  5285 | D:6      | Found a runed translucent gate.
  5285 | D:6      | Found a runed translucent gate.
  5290 | D:6      | Found a staircase to the Ecumenical Temple.
  5309 | Temple   | Entered the Ecumenical Temple
  5325 | Temple   | Became a worshipper of Ashenzari the Shackled
  5381 | D:6      | Found a snail-covered altar of Cheibriados.
  5390 | D:6      | Reached XP level 8. HP: 52/70 MP: 8/8
  5498 | D:6      | Reached skill level 8 in Axes
  5538 | D:6      | Noticed BigPumpCobain's ghost (novice DrSh)
  5572 | D:6      | Noticed Eustachio
  5618 | D:6      | Killed Eustachio
  5697 | D:6      | Noticed Prince Ribbit
  5719 | D:6      | Killed Prince Ribbit
  5720 | D:6      | Reached skill level 9 in Axes
  6269 | D:7      | Reached XP level 9. HP: 70/77 MP: 9/9
  6484 | D:7      | Reached skill level 10 in Axes
  6902 | D:7      | Found a shimmering altar of Xom.
  7108 | D:7      | Reached skill level 1 in Evocations
  7113 | D:7      | Found a shimmering blue altar of Sif Muna.
  7325 | D:8      | Reached * piety under Ashenzari
  7400 | D:8      | Noticed a troll
  7408 | D:8      | Killed a troll
  7409 | D:8      | Reached skill level 11 in Axes
  7528 | D:8      | Noticed a two-headed ogre
  7626 | D:4      | Bought a runed battleaxe for 266 gold pieces
  7817 | D:8      | Reached XP level 10. HP: 83/88 MP: 10/10
  8011 | D:8      | Reached skill level 12 in Axes
  8041 | D:8      | Reached ** piety under Ashenzari
  8370 | D:9      | Found a sacrificial altar of Ru.
  8410 | D:9      | Noticed a smoke demon
  8412 | D:9      | Noticed a rust devil
  8439 | D:9      | Killed a smoke demon
  8633 | D:9      | Found an ancient bone altar of Kikubaaqudgha.
  8683 | D:9      | Killed a rust devil
  9284 | D:10     | Entered Level 10 of the Dungeon
  9303 | D:10     | Reached skill level 13 in Axes
  9496 | D:10     | Reached *** piety under Ashenzari
  9732 | D:10     | Noticed a cyclops
  9733 | D:10     | Found a staircase to the Lair.
  9745 | D:10     | Killed a cyclops
  9746 | D:10     | Reached XP level 11. HP: 95/101 MP: 11/11
  9815 | D:10     | Noticed a sixfirhy
  9853 | D:10     | Noticed a deep elf pyromancer
  9859 | D:10     | Killed a deep elf pyromancer
  9860 | D:10     | Reached skill level 5 in Evocations
 10011 | D:10     | Reached skill level 14 in Axes
 10035 | D:10     | Reached **** piety under Ashenzari
 10137 | Lair:1   | Entered Level 1 of the Lair of Beasts
 10177 | Lair:1   | Noticed a catoblepas
 10184 | Lair:1   | Killed a catoblepas
 10185 | Lair:1   | Reached skill level 10 in Fighting
 10345 | Lair:1   | Reached skill level 15 in Axes
 10550 | Lair:1   | Noticed a wolf spider
 10564 | Lair:1   | Killed a wolf spider
 10565 | Lair:1   | Reached XP level 12. HP: 75/113 MP: 12/12
 10838 | Lair:1   | Reached ***** piety under Ashenzari
 11125 | Lair:2   | Reached skill level 10 in Armour
 11239 | Lair:2   | Reached skill level 16 in Axes
 11434 | Lair:2   | Reached skill level 1 in Throwing
 11476 | Lair:2   | Found a dark tunnel.
 11483 | Volcano  | Entered a volcano
 11539 | Lair:2   | Found a staircase to the Snake Pit.
 11555 | Lair:2   | Identified the +7 dagger "Veemifuxe" {antimagic, *Slow rF+
                  | Will+ Str+3}
 11666 | Lair:2   | HP: 4/116 [water nymph/the raging water (17)]
 12171 | Lair:3   | Noticed an eight-headed hydra
 12180 | Lair:3   | Reached skill level 17 in Axes
 12182 | Lair:3   | HP: 2/116 [16-headed hydra (5)]
 12184 | Lair:3   | Killed a 17-headed hydra
 12185 | Lair:3   | Mangled by a komodo dragon

Illustrated notes

Levels and vault maps discovered:
D:1:      lightli_arrival_statue_moat, layout_rooms, serial_park_tiny_1
D:2:      layout_basic, uniq_crazy_yiuf_cottage
D:3:      layout_loops_cross, mainiacjoe_overflow_24_doors,
          nicolae_overflow_two_pavilions, portal_sewer_entry_b, hex_medium,
          uniq_jessica, uniq_ijyb
D:4:      layout_layer_cave, serial_shops, shop
D:5:      nicolae_cairo_tiling_very_big, layout_layer_cave,
          mainiacjoe_overflow_surrounded_room
D:6:      layout_basic, old_standard_altar, temple_pool_b,
          gammafunk_ghost_nasty_kobolds, uniq_eustachio, uniq_prince_ribbit1
D:7:      layout_loops_ring, mainiacjoe_overflow_six_doors_small,
          mainiacjoe_overflow_concentric_impassable, serial_rivers,
          chequers_serial_rivers_micro_b, chequers_serial_rivers_room_b,
          chequers_serial_rivers_micro_c, chequers_serial_rivers_room_a,
          ebering_dispersal_statue_hall
D:8:      layout_loops_ring, nzn_life_drinkers
D:9:      layout_basic, lemuel_zombie_altar_kikubaaqudgha,
          general_overflow_altar, chequers_avenue,
          chequers_serial_rivers_micro_d, nicolae_where_there's_smoke
D:10:     layout_long_grid, lair_entry_dummy,
          serial_library_regret_index_headful
Temple:   dshaligram_water_room_temple
Lair:1:   layout_regular_city, nicolae_lair_run_with_the_wolves,
          lemuel_fruit_fields
Lair:2:   layout_regular_city, nicolae_shoals_entry_flooding,
          minmay_snake_entry_six_corridors, enter_volcano_4
Lair:3:   regret_index_malice_mire, layout_big_grid

Skill      XL: |  1  2  3  4  5  6  7  8  9 10 11 12 |
---------------+-------------------------------------+-----
Axes           | 3 4 5 6 7 9 11 13 15 17 | 17.0
Fighting       | 4 5 6 8 9 10 11 | 11.8
Armour         | 4 5 6 7 8 9 10 | 10.8
Shields        | 4 5 6 7 |  7.2
Evocations     | 2 4 6 7 |  7.7
Throwing       | 2 |  2.2

Action                     |  1- 3 |  4- 6 |  7- 9 | 10-12 || total
---------------------------+-------+-------+-------+-------++-------
  Melee: War axe           |    93 |   168 |   328 |       ||   589
         Battleaxe         |       |       |    23 |   415 ||   438
 Invoke: Curse Item        |       |       |     2 |     6 ||     8
  Evoke: Wand              |       |       |     2 |       ||     2
    Use: Scroll            |     6 |     3 |     2 |     4 ||    15
         Potion            |       |     1 |     2 |     8 ||    11
 Armour: Scale mail        |    18 |       |       |       ||    18
         Ring mail         |    50 |   117 |   293 |   450 ||   910
         Skin              |       |       |     3 |       ||     3
  Dodge: Dodged            |    58 |    95 |   149 |   381 ||   683
  Block: Buckler           |    21 |    31 |    65 |       ||   117
